 Dungeon Crawl Stone Soup version 0.30-a0-739-gea05faddec (webtiles) character file.

Game seed: 9910102079929206522

6241 DrKenneth the Fighter (level 10, -1/93 HPs)
             Began as a Minotaur Fighter on Jan 30, 2023.
             Was a Believer of Makhleb.
             Slain by a troll (7 damage)
             ... on level 9 of the Dungeon on Feb 4, 2023.
             The game lasted 00:23:00 (6058 turns).

DrKenneth the Fighter (Minotaur Fighter)            Turns: 6058, Time: 00:23:00

Health: -1/93      AC: 23    Str: 24    XL:     10   Next: 62%
Magic:  9/9        EV: 12    Int:  5    God:    Makhleb [**....]
Gold:   570        SH:  0    Dex: 11    Spells: 9/9 levels left

rFire   . . .      SeeInvis .    s - +2 great mace (protect)
rCold   . . .      Faith    .    (shield currently unavailable)
rNeg    . . .      Spirit   .    Q - +1 plate armour
rPois   .          Reflect  .    (helmet restricted)
rElec   .          Harm     .    (no cloak)
rCorr   +          Rampage  .    J - +0 pair of gloves
Will    .....                    (no boots) Stlth
                                 i - amulet of regeneration
HPRegen 1.15/turn                g - ring of resist corrosion
MPRegen 0.11/turn                y - +5 ring of evasion

@: lethally poisoned (-1 -> -1), under a protective aura
A: horns 2, retaliatory headbutt
a: Renounce Religion, Minor Destruction


You were on level 9 of the Dungeon.
You worshipped Makhleb.
Makhleb was pleased with you.
You visited 2 branches of the dungeon, and saw 10 of its levels.

You collected 570 gold pieces.

Inventory:

Hand Weapons
 a - a +0 vampiric war axe
 s - a +2 great mace of protection (weapon)
Missiles
 A - 4 javelins (quivered)
Armour
 b - a +0 scale mail
 c - a +0 buckler
 F - a +0 chain mail
 J - a +0 pair of gloves (worn)
 Q - a +1 plate armour (worn)
Jewellery
 g - a ring of resist corrosion (left hand)
 i - an amulet of regeneration (around neck)
 q - an amulet of the acrobat
 y - a +5 ring of evasion (right hand)
 C - a ring of ice
 D - a +6 ring of intelligence
 E - a +6 ring of intelligence
 G - a +6 ring of strength
 M - a +5 ring of evasion
 N - a +6 ring of intelligence
Wands
 t - a wand of quicksilver (10)
 u - a wand of charming (13)
 H - a wand of polymorph (28)
 I - a wand of roots (12)
 K - a wand of flame (9)
Scrolls
 f - 5 scrolls of identify
 h - a scroll of noise
 n - a scroll of enchant armour
 p - a scroll of teleportation
 w - a scroll of amnesia {unknown}
 B - 3 scrolls of silence {unknown}
 O - 3 scrolls of magic mapping {unknown}
 P - a scroll of butterflies {unknown}
Potions
 d - 7 potions of might
 j - 3 potions of curing
 k - 2 potions of cancellation
 l - 5 potions of brilliance
 m - a potion of lignification
 o - 2 potions of degeneration
 r - a potion of flight {unknown}
 v - 2 potions of resistance
 x - a potion of magic {unknown}
 L - 2 potions of attraction {unknown}
 R - 2 potions of ambrosia {unknown}


   Skills:
 + Level 10.0 Fighting
 - Level 5.8(7.6) Axes
 + Level 7.5(8.4) Maces & Flails
 + Level 6.0 Throwing
 + Level 10.0 Armour
 - Level 8.6 Shields


You had 9 spell levels left.
You didn't know any spells.
Your spell library contained the following spells:

 Spells                   Type           Power      Damage    Failure   Level
 Freeze                   Ice            0%         1d3       99%         1
 Kiss of Death            Conj/Necr      0%         2d5       99%         1
 Sandblast                Erth           0%         2d4       99%         1
 Ensorcelled Hibernation  Hex/Ice        0%         N/A       100%        2
 Passwall                 Tmut/Erth      0%         N/A       100%        2
 Confusing Touch          Hex            0%         N/A       100%        3
 Frozen Ramparts          Ice            0%         1d1       100%        3
 Hailstorm                Conj/Ice       0%         3d3       100%        3
 Spider Form              Tmut/Pois      0%         N/A       100%        3
 Stone Arrow              Conj/Erth      0%         3d7       100%        3
 Anguish                  Hex/Necr       0%         N/A       100%        4
 Dispel Undead            Necr           0%         3d6       100%        4


Dungeon Overview and Level Annotations

Branches:
Dungeon (9/15)             Temple (1/1) D:5            Lair (0/5) D:8
    Orc (0/2) D:9

Altars:
Cheibriados
Dithmenos
Elyvilon
Fedhas
Gozag
Hepliaklqana
Kikubaaqudgha
Makhleb
Nemelex Xobeh
Okawaru
Qazlal
Ru
Sif Muna
Trog
Uskayaw
Vehumet
Wu Jian
Xom
Yredelemnul
The Shining One
Jiyva

Shops:
D:5 (   D:8 (

Annotations:
D:8 2 transporters


Innate Abilities, Weirdness & Mutations

You have a pair of horns on your head.
You reflexively headbutt those who attack you in melee.


Message History

You hit the orc priest.
The orc priest is lightly wounded.
You feel sick. Something hits you but does no damage.
The orc priest closely misses you. The gnoll hits you with a +0 whip.
* * * LOW HITPOINT WARNING * * *
The gnoll hits you with a +0 flail.
* * * LOW HITPOINT WARNING * * *
The gnoll hits you but does no damage. The troll barely misses you.
The troll claws you but does no damage. The troll claws you.
* * * LOW HITPOINT WARNING * * *
You feel much better.
You feel sick. Something hits you but does no damage.
The orc priest hits you but does no damage.
The gnoll hits you but does no damage. The gnoll closely misses you.
You furiously retaliate!
You headbutt the gnoll. The gnoll barely misses you.
The troll bites you but does no damage.
The troll claws you but does no damage. x2
You barely miss the troll.
The troll is severely wounded.
You feel sick. Something hits you but does no damage.
The orc priest hits you but does no damage.
The gnoll barely misses you. The gnoll hits you with a +0 flail!
* * * LOW HITPOINT WARNING * * *
The gnoll hits you but does no damage. The troll barely misses you.
The troll closely misses you. The troll claws you.
* * * LOW HITPOINT WARNING * * *
You sock the troll!
The troll is almost dead.
You feel sick. Something barely misses you.
The orc priest hits you but does no damage.
The gnoll misses you. The gnoll barely misses you. You furiously retaliate!
You headbutt the gnoll!
You kill the gnoll!
Makhleb accepts your kill.
You feel better. The gnoll barely misses you. The troll closely misses you.
You furiously retaliate!
You headbutt the troll. The troll claws you but does no damage.
The troll claws you.
* * * LOW HITPOINT WARNING * * *
Something hits you but does no damage.
The orc priest hits you but does no damage.
The troll bites you!
You die...

.###..#....##.....#~⌠#.#~...#
..
#.###.###......#~.~#.~..#^#
.. .# ........#####..⌠.~####
.........###~~#[....#
...........##≈.~~.###
...........###~#~~##
.#...........######
#.....)))>..# ###...)@o##....
#....T)g# .#.. ##....g... ...
.....#........
.....#.........
..##........... .# ........>.
##.........


You could see a troll, an orc priest and 2 gnolls.

Vanquished Creatures
  2 wraiths (D:9)
  6 wyverns
  6 yaks
  A steam dragon (D:8)
  Menkaure (D:7)
  Duvessa (D:7)
  3 water moccasins (D:8)
  3 orc warriors
  2 black bears
  2 sky beasts
  4 ice beasts
  2 centaurs
  A necrophage (D:6)
  3 bullfrogs
  5 scorpions
  Dowan (D:7)
  3 wights (D:6)
  15 killer bees
  A howler monkey (D:7)
  3 orc priests
  4 hounds
  A gnoll bouda (D:7)
  6 iguanas
  9 orc wizards
  10 gnolls
  8 adders
  A shadow imp (D:6)
  2 white imps
  2 worms
  4 dart slugs
  25 orcs
  6 endoplasms
  5 giant cockroaches
  9 goblins
  2 hobgoblins
  4 jackals (D:4)
  4 quokkas
  11 ball pythons
  5 bats
  5 frilled lizards
  8 kobolds
  3 rats
199 creatures vanquished.

Vanquished Creatures (others)
  2 fungi (D:8)
  11 plants (D:8)
13 creatures vanquished.

Grand Total: 212 creatures vanquished

Notes
Turn   | Place    | Note
-------+----------+-------------------------------------------
     0 | D:1      | DrKenneth the Minotaur Fighter began the quest for the Orb.
     0 | D:1      | Reached XP level 1. HP: 19/19 MP: 0/0
    43 | D:1      | Found a faded altar of an unknown god.
    71 | D:1      | Reached XP level 2. HP: 17/27 MP: 1/1
   590 | D:1      | Reached XP level 3. HP: 33/33 MP: 2/2
   871 | D:2      | Upgraded the game from 0.30-a0-726-gd89dcf765f to
                  | 0.30-a0-739-gea05faddec
  1479 | D:3      | Noticed a scorpion
  1486 | D:3      | Killed a scorpion
  1487 | D:3      | Reached XP level 4. HP: 41/41 MP: 3/3
  1995 | D:4      | Noticed a sky beast
  1998 | D:4      | Reached XP level 5. HP: 47/47 MP: 4/4
  2027 | D:4      | Killed a sky beast
  2028 | D:4      | Reached skill level 5 in Fighting
  2028 | D:4      | Reached skill level 5 in Armour
  2028 | D:4      | Reached skill level 5 in Shields
  2179 | D:4      | Reached XP level 6. HP: 54/56 MP: 5/5
  2566 | D:5      | Entered Level 5 of the Dungeon
  2887 | D:5      | Reached skill level 5 in Axes
  2918 | D:5      | Reached XP level 7. HP: 58/62 MP: 6/6
  3058 | D:5      | Found Pube's Weapon Shoppe.
  3230 | D:5      | Found a staircase to the Ecumenical Temple.
  3245 | Temple   | Entered the Ecumenical Temple
  3251 | Temple   | Became a worshipper of Makhleb the Destroyer
  3631 | D:6      | Identified a scroll of acquirement
  3631 | D:6      | Acquired a +2 great mace of protection
  3739 | D:6      | Reached skill level 1 in Maces & Flails
  3739 | D:6      | Reached XP level 8. HP: 71/71 MP: 7/7
  3904 | D:6      | Reached skill level 1 in Throwing
  4235 | D:7      | Found a sparkling altar of Nemelex Xobeh.
  4427 | D:7      | Noticed Menkaure
  4434 | D:7      | Killed Menkaure
  4471 | D:7      | Reached * piety under Makhleb
  4539 | D:7      | Reached XP level 9. HP: 71/80 MP: 8/8
  4845 | D:7      | Noticed Duvessa
  4847 | D:7      | Noticed Dowan
  4852 | D:7      | Killed Duvessa
  4868 | D:7      | Killed Dowan
  4992 | D:8      | Found a transporter.
  5018 | D:8      | Reached skill level 5 in Maces & Flails
  5171 | D:8      | Found a hazy altar of Hepliaklqana.
  5177 | D:8      | Found a snail-covered altar of Cheibriados.
  5177 | D:8      | Found a blossoming altar of Fedhas.
  5179 | D:8      | Found a bloodstained altar of Trog.
  5206 | D:8      | Found a staircase to the Lair.
  5258 | D:8      | Reached XP level 10. HP: 37/91 MP: 9/9
  5262 | D:8      | HP: 4/91 [killer bee (3)]
  5263 | D:8      | HP: 1/91 [poisoned by a killer bee]
  5282 | D:8      | Reached skill level 5 in Throwing
  5283 | D:8      | HP: 4/91 [yak (7)]
  5284 | D:8      | Reached ** piety under Makhleb
  5405 | D:8      | Found a transporter.
  5502 | D:8      | Found a viscous altar of Jiyva.
  5625 | D:8      | Found Edyekem's Firing Range.
  5963 | D:9      | Reached skill level 10 in Fighting
  5987 | D:9      | Found a shimmering altar of Xom.
  6041 | D:9      | Found a staircase to the Orcish Mines.
  6044 | D:9      | Reached skill level 10 in Armour
  6058 | D:9      | Slain by a troll

Illustrated notes

Levels and vault maps discovered:
D:1:      dpeg_arrival_rooms_a, layout_basic, basic_ecumenical_altar,
          serial_park_tiny_1
D:2:      layout_basic
D:3:      layout_basic
D:4:      layout_rooms, chequers_serial_rivers_large_a
D:5:      layout_rooms, temple_fountains, serial_shops, shop,
          minmay_statues_item
D:6:      layout_rooms, minmay_checkerbox
D:7:      layout_loops_cross, nemelex_xobeh_ov_fountains_minmay, hex_medium,
          kennysheep_generic_room_16, uniq_menkaure, uniq_duvessa
D:8:      gammafunk_jiyva_shrine, layout_cave_pools, minitemple,
          minmay_lair_entry_grove, nicolae_shop_firing_range
D:9:      layout_cave_pools, tgw_xom, david_orc_3
Temple:   eino_narrow_crystal_temple

Skill      XL: |  1  2  3  4  5  6  7  8  9 10 |
---------------+-------------------------------+-----
Fighting       | 4 5 6 7 9 10 | 10.0
Armour         | 4 5 6 7 8 10 | 10.0
Shields        | 4 5 6 7 8 |  8.6
Axes           | 3 4 5 |  5.8
Maces & Flails | 1 3 6 7 |  7.5
Throwing       | 2 4 6 |  6.0

Action                     |  1- 3 |  4- 6 |  7- 9 | 10-12 || total
---------------------------+-------+-------+-------+-------++-------
  Melee: War axe           |    75 |   110 |   263 |       ||   448
         Headbutt          |     7 |    12 |    64 |    16 ||    99
         Great mace        |       |       |    19 |   122 ||   141
    Use: Scroll            |       |     8 |     6 |     3 ||    17
         Potion            |       |       |       |     5 ||     5
 Armour: Scale mail        |    30 |    76 |   147 |    39 ||   292
         Plate armour      |       |       |       |   107 ||   107
  Dodge: Dodged            |    45 |    48 |   188 |   166 ||   447
  Block: Buckler           |    20 |    30 |    75 |       ||   125

Table legend: (Time is in decaauts)
 A = Elapsed time spent in this place.
 B = Non-inter-level travel time spent in this place.
 C = Inter-level travel time spent in this place.
 D = Time resting spent in this place.
 E = Time spent auto-exploring this place.
 F = Levels seen in this place.
 G = Mean time per level.
                   A        B        C        D        E       F      G
               +--------+--------+--------+--------+--------+-----+--------+
         Total |   6253 |   5779 |    474 |    277 |   3399 |  10 |  625.3 |
       Dungeon |   6018 |   5556 |    462 |    277 |   3190 |   9 |  668.7 |
        Temple |    234 |    222 |     12 |      0 |    209 |   1 |  234.0 |
               +--------+--------+--------+--------+--------+-----+--------+

Top non-repeatable levels by time:
     D:4: 870 daAuts
     D:1: 802 daAuts
     D:8: 777 daAuts
     D:7: 765 daAuts
     D:5: 649 daAuts
     D:6: 619 daAuts
     D:2: 603 daAuts
     D:3: 576 daAuts
     D:9: 352 daAuts
  Temple: 234 daAuts
